 Dungeon Crawl Stone Soup version 0.21.0-3-g78d12a8bdd (webtiles) character file.

14708 Peloso the Carver (level 11, -1/101 HPs)
             Began as a Minotaur Fighter on Jan 14, 2018.
             Was the Champion of Okawaru.
             Slain by a cyclops (18 damage)
             ... on level 11 of the Dungeon.
             The game lasted 00:27:47 (10939 turns).

Peloso the Carver (Minotaur Fighter)               Turns: 10939, Time: 00:27:48

Health: -1/101     AC: 17    Str: 22    XL:     11   Next: 92%
Magic:  19/19      EV:  8    Int:  5    God:    Okawaru [******]
Gold:   624        SH: 13    Dex: 15    Spells: 10/10 levels left

rFire    . . .     SeeInvis .   a - +1 long sword
rCold    . . .     Gourm    .   c - +0 shield
rNeg     . . .     Faith    +   b - +0 plate armour
rPois    .         Spirit   .   D - +1 hat
rElec    .         Reflect  .   K - scarf {repulsion}
rCorr    .         Harm     .   J - +0 pair of fencer's gloves {+Riposte Dex+3}
MR       .....                  (no boots)
Stlth    ..........             j - amulet of faith
HPRegen  0.26/turn              h - ring of magical power
MPRegen  0.16/turn              (no ring)

@: repel missiles
A: retaliatory headbutt, horns 2
a: Heroism, Finesse, Renounce Religion


You were on level 11 of the Dungeon.
You worshipped Okawaru.
Okawaru was exalted by your worship.
You were not hungry.

You visited 1 branch of the dungeon, and saw 11 of its levels.
You also visited: Sewer and Ossuary.

You collected 694 gold pieces.
You spent 70 gold pieces at shops.

Inventory:

Hand Weapons
 a - a +1 long sword (weapon)
Armour
 b - a +0 plate armour (worn)
 c - a +0 shield (worn)
 B - a +0 cloak
 D - a +1 hat (worn)
 J - the +0 pair of fencer's gloves (worn) {+Riposte Dex+3}
   (Okawaru gifted it to you on level 11 of the Dungeon)

   It affects your dexterity (+3).
 K - a scarf of repulsion (worn)
Jewellery
 h - a ring of magical power (left hand)
 j - an amulet of faith (around neck)
 u - an uncursed amulet of rage
Wands
 y - a wand of acid (4)
 z - a wand of polymorph (16)
 E - a wand of paralysis (21)
 F - a wand of flame (31)
 H - a wand of random effects (42)
Scrolls
 m - 4 scrolls of teleportation
 n - 5 scrolls of remove curse
 s - 4 scrolls of enchant armour
 w - 4 scrolls of identify
 x - 2 scrolls of enchant weapon
 A - 2 scrolls of amnesia
 C - 2 scrolls of fog
 G - a scroll of fear {unknown}
Potions
 d - a potion of resistance
 e - 3 potions of agility
 g - a potion of berserk rage
 i - 7 potions of curing
 k - 4 potions of might
 l - 3 potions of haste
 o - 5 potions of heal wounds
 p - 3 potions of mutation
 q - 2 potions of invisibility
 r - 3 potions of brilliance
 t - 4 potions of flight
 v - a potion of magic
Comestibles
 f - 27 rations
 I - 5 chunks of flesh


   Skills:
 + Level 10.4 Fighting
 + Level 13.3 Long Blades
 + Level 11.2 Armour
 + Level 4.2 Dodging
 + Level 1.8 Stealth
 + Level 11.3 Shields
 + Level 0.1 Invocations


You had 10 spell levels left.
You didn't know any spells.

Dungeon Overview and Level Annotations

Branches:
Dungeon (11/15)            Temple (0/1) D:6            Lair (0/6) D:11
    Orc: D:9-12

Altars:
Cheibriados
Dithmenos
Gozag
Hepliaklqana
Kikubaaqudgha
Makhleb
Nemelex Xobeh
Okawaru
Qazlal
Ru
Trog
Uskayaw
Vehumet
Yredelemnul

Shops:
D:4 !   D:9 ?   D:10 :


Innate Abilities, Weirdness & Mutations

You reflexively headbutt those who attack you in melee.
You have a pair of horns on your head.


Message History

You slice the hungry ghost!!
You destroy the hungry ghost!
Okawaru accepts your kill.
The cyclops throws a large rock.
The large rock hits you.
A gargoyle comes into view. It is wielding a mace.
The orc shouts!
Items here: )) [ †† a flail; a chain mail; a whip; an orc corpse x2
You slice the cyclops!!
The cyclops is moderately wounded.
The cyclops hits you!!
* * * LOW HITPOINT WARNING * * *
You slash the cyclops!
You headbutt the cyclops, but do no damage.
The cyclops is heavily wounded.
You hit the cyclops. You headbutt the cyclops.
The cyclops is severely wounded.
The gargoyle hurls a stone arrow at you.
The stone arrow is repelled.
The cyclops hits you!!
You die...

# #.. . #..
######## #..
#####.††....
#..
#.....######
.o #.#####
#9 #.#
#.######.#
#C@(.....#
##########


You could see a cyclops, a gargoyle and an orc.

Vanquished Creatures
  Gastronok (D:8)
  2 two-headed ogres
  An unseen horror (D:11)
  Pikel (D:5)
  An ugly thing (D:11)
  A gargoyle (D:11)
  3 trolls
  Grinder (D:5)
  Prince Ribbit (D:5)
  A hippogriff (D:9)
  A basilisk (D:11)
  13 yaks
  4 hungry ghosts
  2 porcupines (D:11)
  8 orc warriors
  4 slaves (D:5)
  2 black bears (D:11)
  5 ice beasts
  4 sky beasts
  A necrophage (D:9)
  6 ogres
  A crocodile (D:11)
  2 centaurs
  2 elf zombies (Ossuary)
  3 big kobolds (Sewer)
  3 bullfrogs
  3 elf skeletons (D:4)
  A gnoll sergeant (D:6)
  A wyvern zombie (D:9)
  5 scorpions
  15 killer bees
  4 wights (D:6)
  4 crimson imps
  3 howler monkeys
  3 centaur zombies
  2 hounds
  3 jellies
  2 human zombies
  4 orc priests
  10 orc wizards
  2 centaur skeletons
  A human skeleton (D:4)
  2 iguanas
  5 worker ants
  2 big kobold zombies (Ossuary)
  2 hound zombies (Ossuary)
  3 mummies (Ossuary)
  15 adders
  11 gnolls
  3 shadow imps
  2 adder skeletons
  3 adder zombies (Ossuary)
  2 worms
  A dart slug (D:1)
  2 leopard geckos
  27 orcs
  14 ball pythons
  9 giant cockroaches
  A gnoll zombie (Ossuary)
  3 goblins
  3 hobgoblins
  9 jackals
  5 quokkas
  5 bats
  A frilled lizard (D:5)
  5 goblin zombies (Ossuary)
  3 hobgoblin zombies (Ossuary)
  A jackal skeleton (D:5)
  3 jackal zombies (Ossuary)
  16 kobolds
  4 kobold zombies (Ossuary)
  2 leopard gecko skeletons
  An orc skeleton (D:4)
  A quokka skeleton (D:7)
  4 quokka zombies (Ossuary)
  29 rats
  3 rat zombies (Ossuary)
339 creatures vanquished.

Vanquished Creatures (others)
  11 fungi (D:11)
11 creatures vanquished.

Grand Total: 350 creatures vanquished

Notes
Turn   | Place    | Note
-------+----------+-------------------------------------------
     0 | D:1      | Peloso the Minotaur Fighter began the quest for the Orb.
     0 | D:1      | Reached XP level 1. HP: 19/19 MP: 0/0
   167 | D:1      | Reached XP level 2. HP: 27/27 MP: 1/1
   748 | D:2      | Reached XP level 3. HP: 33/33 MP: 2/2
   767 | D:2      | Reached skill level 3 in Long Blades
  1084 | D:3      | Reached XP level 4. HP: 35/40 MP: 3/3
  1435 | D:3      | Found a radiant altar of Vehumet.
  1593 | D:3      | Reached skill level 4 in Long Blades
  1635 | D:3      | Found a sparkling altar of Nemelex Xobeh.
  1696 | D:3      | Reached XP level 5. HP: 47/47 MP: 4/4
  2099 | D:4      | Found Esto's Distillery.
  2116 | D:4      | Bought a potion of curing for 30 gold pieces
  2116 | D:4      | Bought a potion of agility for 40 gold pieces
  2285 | D:4      | Reached skill level 1 in Dodging
  2288 | D:4      | Found a sand-covered staircase.
  2297 | D:4      | Reached skill level 5 in Long Blades
  2374 | Ossuary  | Entered an ossuary
  2441 | Ossuary  | Reached XP level 6. HP: 53/53 MP: 5/5
  2534 | Ossuary  | Reached skill level 5 in Shields
  2587 | Ossuary  | Reached skill level 6 in Long Blades
  2720 | Ossuary  | Reached skill level 5 in Fighting
  2773 | Ossuary  | Reached XP level 7. HP: 54/61 MP: 6/6
  3074 | Ossuary  | Reached skill level 5 in Armour
  3119 | D:4      | Reached skill level 7 in Long Blades
  3628 | D:5      | Entered Level 5 of the Dungeon
  3628 | D:5      | Noticed Prince Ribbit
  3636 | D:5      | Killed Prince Ribbit
  3636 | D:5      | Reached skill level 8 in Long Blades
  3639 | D:5      | Reached XP level 8. HP: 49/70 MP: 7/7
  3676 | D:5      | Found a sacrificial altar of Ru.
  3676 | D:5      | Found a burning altar of Makhleb.
  3721 | D:5      | Noticed Pikel
  3734 | D:5      | Killed Pikel
  3760 | D:5      | Found an iron altar of Okawaru.
  3771 | D:5      | Became a worshipper of Warmaster Okawaru
  3851 | D:5      | Found an opulent altar of Gozag.
  3877 | D:5      | HP: 2/71 [something (5)]
  3915 | D:5      | Found a hide-covered altar of Uskayaw.
  4123 | D:5      | Noticed Grinder
  4137 | D:5      | Found a glowing drain.
  4153 | Sewer    | Entered a sewer
  4720 | Sewer    | Reached skill level 9 in Long Blades
  4793 | Sewer    | Reached XP level 9. HP: 68/78 MP: 8/8
  4894 | Sewer    | Reached * piety under Okawaru
  5118 | D:5      | Paralysed by Grinder for 6 turns
  5126 | D:5      | Killed Grinder
  5437 | D:6      | Found a staircase to the Ecumenical Temple.
  5993 | D:6      | Reached ** piety under Okawaru
  6587 | D:7      | Found a snail-covered altar of Cheibriados.
  6732 | D:7      | Reached skill level 10 in Long Blades
  6925 | D:7      | Found a shadowy altar of Dithmenos.
  7272 | D:8      | Noticed a two-headed ogre
  7285 | D:7      | Killed a two-headed ogre
  7285 | D:7      | Reached *** piety under Okawaru
  7285 | D:7      | Reached XP level 10. HP: 61/88 MP: 9/9
  7405 | D:8      | Reached skill level 1 in Stealth
  7438 | D:8      | Reached **** piety under Okawaru
  7507 | D:8      | Noticed Gastronok
  7564 | D:8      | Killed Gastronok
  7564 | D:8      | Reached skill level 11 in Long Blades
  8268 | D:8      | Reached skill level 10 in Armour
  8294 | D:8      | Found a bloodstained altar of Trog.
  8471 | D:9      | Reached ***** piety under Okawaru
  8499 | D:9      | Reached XP level 11. HP: 60/95 MP: 10/10
  8816 | D:9      | Found a basalt altar of Yredelemnul.
  8816 | D:9      | Found an opulent altar of Gozag.
  8818 | D:9      | Found a stormy altar of Qazlal.
  8820 | D:9      | Found Ablokave's Magic Scroll Emporium.
  8853 | D:9      | Reached skill level 10 in Shields
  8925 | D:9      | Reached skill level 12 in Long Blades
  9414 | D:9      | Found an ancient bone altar of Kikubaaqudgha.
  9417 | D:9      | Found a hazy altar of Hepliaklqana.
  9571 | D:9      | Noticed a two-headed ogre
  9580 | D:9      | Killed a two-headed ogre
  9695 | D:10     | Entered Level 10 of the Dungeon
 10212 | D:10     | Found Cude's Book Shoppe.
 10364 | D:11     | Reached ****** piety under Okawaru
 10394 | D:11     | Received a gift from Okawaru
 10395 | D:11     | Found the +0 pair of fencer's gloves {+Riposte Dex+3}
 10460 | D:11     | Found a staircase to the Lair.
 10625 | D:11     | Reached skill level 13 in Long Blades
 10812 | D:11     | Killed an unseen horror
 10812 | D:11     | Reached skill level 10 in Fighting
 10908 | D:11     | Noticed a red ugly thing
 10922 | D:11     | Killed a red ugly thing
 10939 | D:11     | Slain by a cyclops

Skill      XL: |  1  2  3  4  5  6  7  8  9 10 11 |
---------------+----------------------------------+-----
Fighting       | 4 5 6 7 8 10 | 10.4
Shields        | 4 5 7 9 11 | 11.3
Armour         | 4 5 7 8 10 11 | 11.2
Long Blades    | 3 4 5 6 8 9 10 11 13 | 13.3
Dodging        | 1 3 4 |  4.2
Stealth        | 1 |  1.8
Invocations    | |  0.1

Action                   |  1- 3 |  4- 6 |  7- 9 | 10-12 || total
-------------------------+-------+-------+-------+-------++-------
Melee: Long sword        |    66 |   155 |   389 |   565 ||  1175
       Headbutt          |    10 |    40 |    85 |   149 ||   284
Invok: Heroism           |       |       |     1 |     5 ||     6
Evoke: Wand              |       |       |     2 |       ||     2
  Use: Scroll            |       |       |    17 |     3 ||    20
       Potion            |       |       |     5 |     2 ||     7
  Eat: Chunk             |       |     3 |    11 |    11 ||    25
       Ration            |       |     1 |     1 |     1 ||     3
Armor: Scale mail        |    33 |    68 |   101 |       ||   202
       Chain mail        |       |       |    12 |    15 ||    27
       Plate armour      |       |       |       |   191 ||   191
Dodge: Dodged            |    26 |    52 |   138 |   122 ||   338
       Deflected         |       |       |       |     2 ||     2
Block: Shield            |    37 |    69 |   215 |   280 ||   601
       Rpst.: Long sword |     7 |    12 |    40 |    38 ||    97
